Map: 2000 Atmospheres LE

Players

Reynor - Winner!

  • Race: Zerg Zerg

goblin

  • Race: Protoss Protoss
  • League: Master

Event: DreamHack SC2 Masters 2021 Summer

VOD

Have the link to the VOD?

Description

Time

  • Played on: May 26, 2021, 10:30 a.m.
  • Length: 6:18

All games in this series

Show
View Real Time Build Order
Export as new Build Order

Reynor Zerg - Winner!

Build Orders: Hatch First 

Get SALT Encoding   

  12  0:04  Drone  
  13  0:13  Overlord  
  13  0:16  Drone  
  14  0:31  Drone x2  
  16  0:48  Hatchery  
  15  0:51  Drone  
  15  0:55  Drone  
  17  0:58  Drone  
  18  1:09  Extractor  
  17  1:13  Spawning Pool  
  17  1:18  Drone  
  17  1:20  Drone  
  18  1:31  Drone  
  19  1:41  Drone  
  20  1:51  Overlord  
  20  2:00  Drone, Queen  
  23  2:03  Drone, Queen  
  26  2:11  Zergling x2  
  26  2:13  Zergling x2  
  28  2:17  Metabolic Boost  
  28  2:21  Drone  
  29  2:25  Drone  
  30  2:35  Hatchery  
  30  2:36  Drone  
  30  2:38  Drone  
  31  2:44  Queen  
  31  2:49  Overlord  
  33  2:51  Drone  
  33  2:54  Drone  
  33  2:56  Drone  
  36  3:08  Drone x2  
  36  3:09  Drone, Overlord  
  39  3:13  Queen  
  39  3:14  Drone  
  39  3:19  Overlord  
  42  3:20  Drone  
  42  3:26  Drone  
  44  3:27  Queen  
  44  3:31  Overlord  
  46  3:36  Drone  
  46  3:39  Drone  
  48  3:42  Zergling x4  
  48  3:44  Overlord  
  48  3:48  Drone x2  
  52  3:52  Evolution Chamber  
  52  3:53  Queen  
  53  3:56  Drone x2  
  53  3:57  Drone  
  56  4:03  Zergling x4  
  56  4:04  Drone x2  
  56  4:08  Overlord  
  60  4:10  Queen  
  60  4:15  Drone x2  
  64  4:17  Zerg Melee Weapons Level 1  
  64  4:21  Zergling x2  
  65  4:25  Drone x3  
  65  4:26  Drone  
  65  4:28  Overlord  
  65  4:31  Baneling Nest  
  68  4:35  Queen  
  68  4:37  Zergling x2  
  71  4:39  Drone x3  
  71  4:41  Zergling x2  
  71  4:42  Zergling x2  
  73  4:55  Drone x3  
  73  4:58  Drone x5  
  81  5:02  Roach Warren  
  81  5:07  Drone x2, Overlord  
  82  5:11  Drone, Spore Crawler  
  82  5:12  Extractor, Zergling x2  
  82  5:13  Zergling x4  
  84  5:17  Drone  
  84  5:18  Drone  
  86  5:24  Spore Crawler  
  86  5:25  Overlord  
  84  5:32  Spore Crawler, Overlord  
  83  5:39  Overlord  
  85  5:43  Zergling x4, Roach x7  
  99  5:50  Overlord  
  99  5:51  Baneling x3  
  99  5:52  Zergling x4, Roach  
  99  5:56  Zergling x6  
  99  5:57  Zergling x2  
Show
View Real Time Build Order
Export as new Build Order

goblin Protoss 

Build Orders: 1 Gate Expand, Oracle Opening 

Get SALT Encoding   

  12  0:00  Probe  
  13  0:12  Probe  
  14  0:17  Pylon  
  14  0:24  Probe (Chrono Boost)  
  15  0:36  Probe (Chrono Boost)  
  15  0:38  Gateway  
  16  0:44  Probe (Chrono Boost)  
  16  0:47  Assimilator  
  17  0:51  Probe  
  17  0:55  Assimilator  
  18  1:03  Probe (Chrono Boost)  
  19  1:12  Probe (Chrono Boost)  
  19  1:17  Probe (Chrono Boost)  
  21  1:29  Probe  
  22  1:34  Nexus  
  22  1:41  Pylon  
  22  1:43  Probe  
  23  1:55  Cybernetics Core  
  23  1:59  Probe  
  26  2:11  Probe (Chrono Boost)  
  27  2:21  Probe (Chrono Boost)  
  28  2:23  Pylon  
  28  2:26  Probe (Chrono Boost)  
  29  2:33  Stargate  
  29  2:36  Stalker  
  29  2:39  Probe (Chrono Boost), Warp Gate  
  29  2:47  Probe (Chrono Boost)  
  31  2:55  Probe (Chrono Boost)  
  31  2:56  Probe (Chrono Boost)  
  32  3:00  Gateway  
  32  3:01  Probe (Chrono Boost)  
  32  3:02  Probe  
  34  3:06  Adept  
  34  3:08  Void Ray (Chrono Boost)  
  36  3:13  Probe  
  36  3:14  Probe  
  42  3:25  Probe  
  42  3:26  Probe  
  44  3:37  Probe  
  44  3:38  Probe  
  46  3:44  Oracle  
  46  3:46  Nexus  
  49  3:51  Pylon  
  49  3:56  Twilight Council  
  49  3:57  Probe x2  
  51  4:06  Robotics Facility  
  51  4:09  Probe  
  52  4:16  Gateway  
  52  4:17  Probe, Gateway  
  52  4:21  Probe  
  52  4:22  Shield Battery  
  38  4:24  Charge (Chrono Boost)  
  54  4:25  Pylon  
  54  4:31  Gateway  
  54  4:37  Gateway  
  54  4:46  Pylon  
  54  4:51  Gateway  
  54  4:53  Gateway  
  54  5:00  Probe x2, Gateway  
  54  5:01  Gateway  
  54  5:02  Warp Prism (Chrono Boost)  
  58  5:15  Zealot x3  
  58  5:19  Zealot  
  66  5:27  Probe  
  66  5:29  Pylon  
  66  5:30  Zealot  
  68  5:36  Zealot  
  68  5:37  Zealot x3  
  76  5:45  Pylon  
  76  5:51  Zealot x4  
  76  5:55  Zealot  
  86  5:59  Zealot x3  
  92  6:08  Zealot x2  
Tags
 
Add a new tag
Caveats
  • Supply blocks, unpowered buildings, or Contaminate may cause inaccurate times.
  • Supply counts are checked every 10 seconds.